 Dungeon Crawl Stone Soup version 0.30-a0-782-ge64f9170bb (webtiles) character file.

Game seed: 10416700242080844747

332 BRD the Slasher (level 6, -4/50 HPs)
             Began as a Barachi Reaver on Feb 21, 2023.
             Was an Initiate of Cheibriados.
             Slain by a fire bat (6 damage)
             ... on level 4 of the Dungeon.
             The game lasted 00:07:11 (4005 turns).

BRD the Slasher (Barachi Reaver)                    Turns: 4005, Time: 00:07:11

Health: -4/50      AC:  8    Str: 14    XL:     6   Next: 52%
Magic:  9/9        EV: 11    Int: 16    God:    Cheibriados [......]
Gold:   201        SH:  5    Dex: 12    Spells: 8/9 levels left

rFire   . . .      SeeInvis .    a - +0 falchion
rCold   . . .      Faith    .    (no shield)
rNeg    . . .      Spirit   .    i - +0 ring mail
rPois   .          Reflect  +    u - +0 helmet
rElec   .          Harm     .    (no cloak)
rCorr   .          Rampage  .    (no gloves)
Will    .....                    h - +0 pair of boots
Stlth   +                        n - amulet of reflection
HPRegen 0.28/turn                (no ring)
MPRegen 0.11/turn                (no ring)

@: very slow
A: amphibious, slowness 1, strong legs 1, +LOS
a: Hop, Renounce Religion


You were on level 4 of the Dungeon.
You worshipped Cheibriados.
Cheibriados was noncommittal.
You visited 2 branches of the dungeon, and saw 5 of its levels.

You collected 229 gold pieces.
You spent 28 gold pieces at shops.

Inventory:

Hand Weapons
 a - a +0 falchion (weapon)
Missiles
 s - 5 datura-tipped darts
Armour
 h - a +0 pair of boots (worn)
 i - a +0 ring mail (worn)
 u - a +0 helmet (worn)
Jewellery
 n - an amulet of reflection (around neck)
Wands
 r - a wand of polymorph (4)
Scrolls
 b - 2 scrolls of enchant weapon
 e - a scroll of magic mapping {unknown}
 j - a scroll of teleportation
 k - a scroll of immolation {unknown}
 o - a scroll of butterflies {unknown}
 p - a scroll of torment {unknown}
 t - a scroll of vulnerability {unknown}
Potions
 d - 2 potions of curing
 f - 2 potions of attraction
 l - 2 potions of ambrosia
 q - a potion of flight


   Skills:
 + Level 4.8 Fighting
 + Level 5.5 Long Blades
 + Level 3.9 Armour
 - Level 3.0 Dodging
 - Level 2.1 Spellcasting
 - Level 3.2 Conjurations


You had 8 spell levels left.
You knew the following spells:

 Your Spells              Type           Power      Damage    Failure   Level
a - Kiss of Death         Conj/Necr      28%        2d7       21%         1

Your spell library contained the following spells:

 Spells                   Type           Power      Damage    Failure   Level
 Momentum Strike          Conj/Tloc      14%        3d8       30%         2
 Freeze                   Ice            4%         1d3       36%         1
 Lesser Beckoning         Tloc           2%         N/A       52%         2
 Hailstorm                Conj/Ice       7%         3d4       52%         3
 Frozen Ramparts          Ice            2%         1d1       75%         3
 Gell's Gravitas          Tloc           1%         N/A       75%         3
 Teleport Other           Tloc           1%         N/A       75%         3


Dungeon Overview and Level Annotations

Branches:
Dungeon (4/15)             Temple (1/1) D:4

Altars:
Ashenzari
Cheibriados
Dithmenos
Fedhas
Gozag
Hepliaklqana
Kikubaaqudgha
Makhleb
Nemelex Xobeh
Okawaru
Qazlal
Ru
Sif Muna
Trog
Uskayaw
Vehumet
Wu Jian
Xom
Yredelemnul
Zin
The Shining One

Shops:
D:1 *   D:2 *   D:4 ?

Annotations:
D:2 1 runed translucent door, Crazy Yiuf
D:4 2 transporters, gyole's ghost, amateur OgWr


Innate Abilities, Weirdness & Mutations

You are amphibious.
You cover ground slowly.
You can hop short distances.
You have an extended range of vision and can be seen from far away.


Message History

The fire bat bites you.
You are engulfed in flames!
The fire bat bites you.
You are engulfed in flames.
You see here a +0 club.
You block the fire bat's attack.
You feel better. The fire bat completely misses you.
You hit the fire bat.
The fire bat is lightly wounded.
The fire bat bites you but does no damage.
You block the fire bat's attack.
The fire bat bites you but does no damage.
There is an open door, spattered with blood here.
Things that are here:
a +0 giant spiked club; a hobgoblin corpse The fire bat barely misses you.
You hit the fire bat.
The fire bat is moderately wounded.
The fire bat barely misses you.
An iguana comes into view.
Found a scroll of identify and a robe.
The iguana hisses angrily.
The fire bat bites you but does no damage.
The fire bat bites you.
You are engulfed in flames.
You miss the fire bat.
The fire bat is moderately wounded.
The fire bat bites you.
You are engulfed in flames!
Found a transporter.
The fire bat bites you but does no damage.
You hit the fire bat.
The fire bat is heavily wounded.
The fire bat bites you.
You are engulfed in flames.
* * * LOW HITPOINT WARNING * * *
The fire bat bites you.
* * * LOW HITPOINT WARNING * * *
You are engulfed in flames.
* * * LOW HITPOINT WARNING * * *
The fire bat bites you.
* * * LOW HITPOINT WARNING * * *
You are engulfed in flames.
You die...

#...........#............
#...........#............
#...........#............
+...........+............
#...........#+####.......
.................#.......
..............!.[#.......
.................#.......
######b@.......?#.......
####
#...)#[.................
...# #....)..........
......
...###+###....#....l.....
######
........##....######.....
..... ........##....##...
..... .#.#.
................... ....
#...#
#'###...##.........# ...
.....
...##...##....##...# .©
...©..


You could see a fire bat and an iguana.

Vanquished Creatures
  A scorpion (D:4)
  A hound (D:4)
  An orc priest (D:4)
  Terence (D:2)
  Natasha (D:1)
  Robin (D:4)
  5 adders
  2 worms
  4 dart slugs (D:2)
  2 orcs (D:3)
  9 endoplasms
  A giant cockroach (D:4)
  11 hobgoblins
  6 jackals
  7 kobolds
  4 quokkas
  5 ball pythons
  7 bats
  4 frilled lizards
  16 goblins
  4 rats
93 creatures vanquished.

Notes
Turn   | Place    | Note
-------+----------+-------------------------------------------
     0 | D:1      | BRD the Barachi Reaver began the quest for the Orb.
     0 | D:1      | Reached XP level 1. HP: 17/17 MP: 3/3
   117 | D:1      | Found Efanwi's Assorted Antiques.
   180 | D:1      | Reached XP level 2. HP: 22/23 MP: 5/5
   227 | D:1      | Reached skill level 1 in Armour
   413 | D:1      | Reached skill level 4 in Long Blades
   421 | D:1      | Reached XP level 3. HP: 23/28 MP: 6/6
   719 | D:2      | Noticed Natasha
   732 | D:1      | Killed Natasha
   734 | D:1      | HP: 1/29 [goblin/+0 club (3)]
   961 | D:1      | Reached XP level 4. HP: 18/35 MP: 7/7
  1155 | D:2      | Found Xibo's Assorted Antiques.
  1338 | D:2      | Noticed Terence
  1362 | D:2      | Killed Terence
  1620 | D:2      | Reached XP level 5. HP: 40/42 MP: 8/8
  1707 | D:2      | Found a runed translucent door.
  1708 | D:2      | Noticed Crazy Yiuf
  3022 | D:4      | Reached skill level 5 in Long Blades
  3022 | D:4      | Reached XP level 6. HP: 28/49 MP: 9/9
  3235 | D:4      | Found a transporter.
  3235 | D:4      | Noticed a water moccasin
  3239 | D:4      | Noticed gyole's ghost (amateur OgWr)
  3240 | D:4      | Noticed Robin
  3275 | D:4      | Killed Robin
  3404 | D:4      | Found a staircase to the Ecumenical Temple.
  3404 | D:4      | Found Ruut's Magic Scroll Emporium.
  3443 | Temple   | Entered the Ecumenical Temple
  3894 | Temple   | Became a worshipper of Cheibriados the Contemplative
  3915 | D:4      | Bought a scroll of identify for 28 gold pieces
  3981 | D:4      | an ogre changed into an ice beast
  3981 | D:4      | Noticed an ice beast
  3983 | D:4      | an ice beast changed into a fire bat
  3983 | D:4      | Noticed a fire bat
  4003 | D:4      | Found a transporter.
  4005 | D:4      | HP: 2/50 [fire bat (2)]
  4005 | D:4      | Slain by a fire bat

Illustrated notes

Levels and vault maps discovered:
D:1:      kilobyte_arrival_exit_the_forest, layout_basic, serial_shops, shop
D:2:      layout_rooms, serial_shops, shop, minmay_close_crescents,
          uniq_terence, uniq_natasha, uniq_crazy_yiuf_cottage
D:3:      layout_loops_cross, minmay_pentangle
D:4:      layout_gridville, minmay_temple_entry_proselytizer,
          gammafunk_ghost_arena, serial_shops, shop, uniq_robin,
          uniq_blork_the_orc, uniq_ijyb
Temple:   roderic_octagonal_lattice_temple

Skill      XL: |  1  2  3  4  5 |
---------------+----------------+-----
Armour         | 1 2 3 |  3.9
Long Blades    | 4 5 |  5.5
Fighting       | 3 4 |  4.8
Dodging        | 3 |  3.0
Spellcasting   | |  2.1
Conjurations   | |  3.2

Action                     |  1- 3 |  4- 6 || total
---------------------------+-------+-------++-------
  Melee: Falchion          |    71 |   330 ||   401
         Punch             |     2 |     2 ||     4
  Evoke: Wand              |       |     3 ||     3
    Use: Scroll            |       |     6 ||     6
         Potion            |       |     4 ||     4
 Armour: Leather armour    |    20 |     2 ||    22
         Ring mail         |       |   105 ||   105
  Dodge: Dodged            |    58 |   203 ||   261
  Block: Other             |       |    54 ||    54

Table legend: (Time is in decaauts)
 A = Elapsed time spent in this place.
 B = Non-inter-level travel time spent in this place.
 C = Inter-level travel time spent in this place.
 D = Time resting spent in this place.
 E = Time spent auto-exploring this place.
 F = Levels seen in this place.
 G = Mean time per level.
                   A        B        C        D        E       F      G
               +--------+--------+--------+--------+--------+-----+--------+
         Total |   4538 |   4395 |    143 |    574 |   2895 |   5 |  907.6 |
       Dungeon |   3995 |   3874 |    121 |    574 |   2431 |   4 |  998.8 |
        Temple |    543 |    521 |     22 |      0 |    464 |   1 |  543.0 |
               +--------+--------+--------+--------+--------+-----+--------+

Top non-repeatable levels by time:
     D:1: 1209 daAuts
     D:2: 1078 daAuts
     D:3: 1032 daAuts
     D:4: 675 daAuts
  Temple: 543 daAuts
